AoeStats
← eduardo.mora.glez

Black Forest

511058507Analyzed
2v2 RM · 6h ago on Oct 3, 2026· 63m 45s· 4 players
Game mode
Random Map
Map size
Medium (4 player)
Population
200
Speed
Normal
Resources
Standard
Victory
Conquest
Starting age
Dark Age
Ending age
Imperial Age
RankedLock teamsTeams togetherTeam positionsShared explorationLock speedFull tech treeHidden civsTurbo modeCheats
Victory
Defeat
🇪🇸 Franks · Spain
517
+16
🇬🇧 Spanish · United Kingdom
493
+16
🇬🇧 Tatars · United Kingdom
518
-16
🇪🇸 Britons · Spain
493
-16
eduardo.mora.glez
0:43 Loom
13:24 Feudal Age
13:51 Town Watch
14:40 Double-Bit Axe
16:31 Wheelbarrow
26:10 Horse Collar
29:30 Padded Archer Armor
29:20 Fletching
32:42 Castle Age
32:47 Stone Mining
32:51 Gold Mining
34:02 Hand Cart
33:49 Elite Skirmisher
33:50 Crossbowman
35:15 Town Patrol
36:09 Leather Archer Armor
38:17 Fortified Wall
38:03 Murder Holes
37:59 Guard Tower
44:22 Imperial Age
43:48 Gold Shaft Mining
44:12 Masonry
46:50 Conscription
50:41 Cranequins
52:30 Warwolf
56:59 Elite Longbowman
g_c_matthews_2000
0:52 Loom
11:58 Feudal Age
13:42 Wheelbarrow
14:55 Double-Bit Axe
17:06 Town Watch
19:54 Castle Age
18:13 Fletching
18:19 Horse Collar
21:23 Gold Mining
21:59 Stone Mining
24:04 Bow Saw
24:35 Heavy Plow
26:46 Murder Holes
28:21 Fortified Wall
31:30 Imperial Age
28:56 Treadmill Crane
30:18 Gold Shaft Mining
30:08 Bodkin Arrow
31:05 Forging
31:02 Scale Mail Armor
32:14 Squires
33:23 Conscription
33:29 Scale Barding Armor
32:58 Capped Ram
34:35 Husbandry
35:27 Ballistics
35:48 Guard Tower
36:28 Bloodlines
37:36 Iron Casting
39:32 Masonry
41:06 Cavalier
42:11 Chain Barding Armor
41:55 Padded Archer Armor
43:33 Herbal Medicine
44:18 Onager
45:45 Hand Cart
51:16 Blast Furnace
51:17 Timurid Siegecraft
50:33 Pikeman
57:56 Arson
Girichila
12:02 Feudal Age
12:40 Double-Bit Axe
12:38 Horse Collar
14:38 Town Watch
21:21 Castle Age
19:31 Gold Mining
19:31 Stone Mining
19:59 Stone Mining
22:24 Town Patrol
23:58 Bow Saw
24:55 Loom
28:09 Heavy Plow
29:31 Stone Shaft Mining
36:15 Imperial Age
35:04 Ballistics
35:40 Caravan
36:11 Coinage
38:10 Hoardings
38:39 Scale Barding Armor
38:34 Padded Archer Armor
38:25 Fletching
39:31 Conscription
39:24 Guard Tower
41:11 Two-Man Saw
41:43 Chemistry
41:26 Murder Holes
41:43 Fortified Wall
42:25 Keep
43:18 Bombard Tower
43:10 Masonry
43:34 Arrowslits
44:11 Leather Archer Armor
43:54 Elite Conquistador
45:11 Supremacy
52:46 Chain Barding Armor
53:11 Ring Archer Armor
55:49 Architecture
60:29 Plate Barding Armor
59:50 Bodkin Arrow
Amorfoman
13:50 Feudal Age
14:32 Double-Bit Axe
19:00 Wheelbarrow
18:24 Gold Mining
18:26 Stone Mining
22:08 Town Watch
28:01 Castle Age
34:39 Imperial Age
33:56 Bow Saw
35:54 Husbandry
36:43 Conscription
38:31 Guard Tower
40:21 Hand Cart
40:20 Caravan
40:51 Coinage
40:49 Ballistics
43:10 Arrowslits
44:23 Onager
47:21 Chemistry
46:28 Scale Mail Armor
46:28 Padded Archer Armor
46:19 Fletching
46:39 Forging
46:34 Scale Barding Armor
47:29 Squires
47:41 Capped Ram
52:21 Pikeman
60:50 Halberdier
63:40 Heavy Mounted Crossbowman
Connection lost

Rejoining the realm…

Still unreachable

The connection could not be restored.

Session expired

The server has moved on; the page needs a fresh start.